 Dungeon Crawl Stone Soup version 0.24.1-8-ga250c9d538 (webtiles) character file.

Game seed: 4477638876156672198, levelgen mode: deterministic

67 Peloso the Shield-Bearer (level 4, 0/35 HPs)
             Began as a Demonspawn Fighter on May 1, 2020.
             Succumbed to an adder's poison
             ... on level 2 of the Dungeon.
             The game lasted 00:03:59 (913 turns).

Peloso the Shield-Bearer (Demonspawn Fighter)        Turns: 913, Time: 00:03:59

Health: 0/35       AC: 12    Str: 17    XL:     4   Next: 0%
Magic:  4/4        EV:  4    Int: 10    God:
Gold:   104        SH:  9    Dex: 12    Spells: 3/3 levels left

rFire    + . .     SeeInvis .   a - +0 long sword
rCold    + . .     Gourm    .   c - +0 shield
rNeg     . . .     Faith    .   h - +0 chain mail
rPois    +         Spirit   .   (no helmet)
rElec    +         Reflect  .   (no cloak)
rCorr    +         Harm     .   (no gloves)
MR       .....                  e - +0 pair of boots (curse)
Stlth    ..........             (no amulet)
HPRegen  0.11/turn              (no ring)
MPRegen  0.09/turn              (no ring)

@: lethally poisoned (0 -> -10), resistant, hasted, very quick
A: slimy green scales 1
a: no special abilities


You were on level 2 of the Dungeon.
You were hungry.

You visited 1 branch of the dungeon, and saw 2 of its levels.

You collected 104 gold pieces.

Inventory:

Hand Weapons
 a - a +0 long sword (weapon)
Armour
 b - a +0 scale mail
 c - a +0 shield (worn)
 e - a cursed +0 pair of boots (worn)
 h - a +0 chain mail (worn)
Scrolls
 g - a scroll of blinking {unknown}
Potions
 d - a potion of might
Comestibles
 f - 5 rations


   Skills:
 + Level 3.2 Fighting
 + Level 2.8 Long Blades
 + Level 3.1 Armour
 + Level 0.3 Dodging
 + Level 3.2 Shields


You had 3 spell levels left.
You didn't know any spells.
Your spell library was empty.

Dungeon Overview and Level Annotations

Branches:
Dungeon (2/15)

Altars:


Innate Abilities, Weirdness & Mutations

You are partially covered in slimy green scales. (AC +2)


Message History

You feel sick. The adder bites you.
* * * LOW HITPOINT WARNING * * *
You are more poisoned.
The adder poisons you!
Your shield and chain mail prevent you from hitting the adder.
* * * LOW HITPOINT WARNING * * *
You feel sick. The adder bites you but does no damage.
You block the adder's attack.
It was a potion of haste.
You feel yourself speed up.
* * * LOW HITPOINT WARNING * * *
You feel sick. The adder barely misses you. The adder closely misses you.
It was a potion of resistance.
You feel protected.
You hit the adder.
The adder is moderately wounded.
* * * LOW HITPOINT WARNING * * *
You feel sick. The adder bites you but does no damage.
You barely miss the adder.
The adder is moderately wounded.
You die...

#....# ######.#### ######....#
...........# #.........#
..........(# #.####...##
...........####.# #........#
................#
#.....#############+###.#########
#.....# #....# #..........
#.....###....######.###..########
......'.'†...'lS@......>.#
......###....######.####.#
......# #....######.# #.# ..#####
#...l........ #.######## ..
#............ #......... .
#####........ ##########
#........ #........ #........


You could see an adder and a frilled lizard.

Vanquished Creatures
  An adder (D:2)
  An ooze (D:2)
  A worm (D:2)
  3 dart slugs (D:1)
  A leopard gecko (D:1)
  A giant cockroach (D:1)
  4 goblins
  6 hobgoblins
  4 jackals (D:2)
  9 bats
  7 frilled lizards
  2 kobolds (D:1)
  5 rats (D:1)
45 creatures vanquished.

Notes
Turn   | Place    | Note
-------+----------+-------------------------------------------
     0 | D:1      | Peloso the Demonspawn Fighter began the quest for the Orb.
     0 | D:1      | Reached XP level 1. HP: 18/18 MP: 1/1
   149 | D:1      | Gained mutation: You are partially covered in slimy green
                  | scales. (AC +2) [demonic ancestry]
   149 | D:1      | Reached XP level 2. HP: 23/24 MP: 2/2
   401 | D:1      | Reached XP level 3. HP: 27/29 MP: 3/3
   905 | D:2      | Reached XP level 4. HP: 20/35 MP: 4/4
   912 | D:2      | HP: 1/35 [poisoned by an adder]
   913 | D:2      | Succumbed to an adder's poison

Levels and vault maps discovered:
D:1:      mrwooster_arrival_statue, layout_basic
D:2:      layout_basic, uniq_natasha

Skill      XL: |  1  2 |
---------------+-------+-----
Long Blades    | 2 |  2.8
Armour         | 3 |  3.1
Shields        | 3 |  3.2
Fighting       | |  3.2
Dodging        | |  0.3

Action                   |  1- 3 |  4- 6 || total
-------------------------+-------+-------++-------
Melee: Long sword        |   156 |     6 ||   162
  Use: Potion            |       |     2 ||     2
Armor: Scale mail        |    34 |       ||    34
       Chain mail        |    73 |     4 ||    77
Dodge: Dodged            |    43 |     2 ||    45
Block: Shield            |   105 |     1 ||   106
       Rpst.: Long sword |    21 |       ||    21
